 Dungeon Crawl Stone Soup version 0.23-a0-636-g0ff6057 (webtiles) character file.

2492 dondy the Grappler (level 9, -17/80 HPs)
             Began as a Troll Fighter on Dec 28, 2018.
             Was a Believer of Dithmenos.
             Killed from afar by a hellion (30 damage)
             ... with damnation
             ... on level 1 of the Abyss.
             The game lasted 00:12:06 (4024 turns).

dondy the Grappler (Troll Fighter)                  Turns: 4024, Time: 00:12:07

Health: -17/80     AC:  8    Str: 26    XL:     9   Next: 27%
Magic:  8/8        EV:  9    Int:  5    God:    Dithmenos [**....]
Gold:   362        SH: 10    Dex: 11    Spells: 8/8 levels left

rFire    + . .     SeeInvis .     - Unarmed
rCold    + . .     Gourm    +   b - +0 shield
rNeg     . . .     Faith    .   w - +2 robe {MR+}
rPois    .         Spirit   .   (helmet restricted)
rElec    .         Reflect  .   p - +0 cloak (curse)
rCorr    .         Harm     .   (gloves unavailable)
MR       +....                  (boots unavailable)
Stlth    +.........             m - amulet of regeneration
HPRegen  1.03/turn              h - ring of protection from fire
MPRegen  0.11/turn              y - ring of protection from cold

@: wreathed by umbra, drained
A: large, unfitting armour, claws 3, fast metabolism 3, gourmand, regeneration
1, shaggy fur 1, tough skin 2
a: Shadow Step, Renounce Religion


You were on level 1 of the Abyss.
You worshipped Dithmenos.
Dithmenos was pleased with you.
You were very full.

You visited 1 branch of the dungeon, and saw 6 of its levels.
You visited the Abyss 1 time.

You collected 362 gold pieces.

Inventory:

Hand Weapons
 I - a +2 dagger of electrocution
Missiles
 t - 10 tomahawks (quivered)
Armour
 b - a +0 shield (worn)
 p - a cursed +0 cloak (worn)
 v - a +2 robe of positive energy
 w - a +2 robe of magic resistance (worn)
Jewellery
 h - a ring of protection from fire (left claw)
 m - an amulet of regeneration (around neck)
 r - an uncursed ring of positive energy
 x - an uncursed ring of poison resistance
 y - a ring of protection from cold (right claw)
 F - an uncursed ring of resist corrosion {unknown}
 L - an uncursed ring of see invisible {unknown}
Wands
 D - a wand of enslavement (8)
 J - a wand of paralysis (1)
Scrolls
 e - 7 scrolls of identify
 i - 5 scrolls of remove curse
 j - a scroll of enchant weapon {unknown}
 k - 2 scrolls of blinking
 n - 2 scrolls of magic mapping
 q - a scroll of fog {unknown}
 s - 2 scrolls of teleportation {unknown}
 u - 2 scrolls of amnesia {unknown}
 B - a scroll of fear {unknown}
 K - a scroll of immolation {unknown}
 M - a scroll of acquirement {unknown}
Potions
 a - a potion of cancellation {unknown}
 c - a potion of might
 g - 2 potions of ambrosia {unknown}
 l - 2 potions of haste {unknown}
 o - 3 potions of degeneration {unknown}
 z - 2 potions of agility
 A - a potion of curing {unknown}
 C - a potion of resistance
 E - a potion of brilliance {unknown}
 G - a potion of magic {unknown}
 H - a potion of lignification {unknown}
Comestibles
 d - 11 rations
 f - 2 chunks of flesh


   Skills:
 - Level 2.4(2.1) Fighting
 - Level 2.4(2.1) Dodging
 + Level 5.1(4.8) Shields
 + Level 11.3(10.9) Unarmed Combat


You had 8 spell levels left.
You didn't know any spells.
Your spell library contained the following spells:

 Spells                   Type           Power        Failure   Level  Hunger
 Corona                   Hex            #......      78%         1    ##.....
 Magic Dart               Conj           #...         78%         1    ##.....
 Ensorcelled Hibernation  Hex/Ice        #.....       89%         2    ###....
 Searing Ray              Conj           #.....       89%         2    ###....
 Confuse                  Hex            #.......     98%         3    ####...
 Dazzling Spray           Conj/Hex       #.....       98%         3    ####...
 Tukima's Dance           Hex            #.......     98%         3    ####...
 Force Lance              Conj/Tloc      #.......     100%        4    #####..
 Fulminant Prism          Conj/Hex       #.........   100%        4    #####..
 Iskenderun's Mystic Bla  Conj           #.......     100%        4    #####..


Dungeon Overview and Level Annotations

Branches:
Dungeon (6/15)             Temple (0/1) D:6

Altars:
Dithmenos
Gozag
Makhleb
Ru
Sif Muna
Trog
Uskayaw
Xom
Zin


Innate Abilities, Weirdness & Mutations

You are too large for most types of armour.
You have claws for hands.
Your metabolism is lightning-fast.
You like to eat raw meat.
Your natural rate of healing is unusually fast.
You are covered in fur. (AC +1)
You have very tough skin. (AC +2)


Message History

L - a knobbly ruby ring
As you read the scroll of identify, it crumbles to dust.
n - 2 scrolls of magic mapping The rakshasa hits you with a +0 trident.
The rakshasa gestures at you. You block the orb of energy.
The orb of energy explodes!
A hellion comes into view.
The hellion gives a hideous shriek!
The rakshasa gestures at you. The orb of energy hits you!
You see here a scroll labeled WYEVVUPLUMI.
M - a scroll labeled WYEVVUPLUMI Unknown command.
The rakshasa hits you with a +0 trident!
The red devil hits you from afar with a +2 trident of piercing!
* * * LOW HITPOINT WARNING * * *
x2 The rakshasa hits you but does no damage.
The hellion gestures at you.
The sphere of damnation explodes!
The damnation engulfs you!
You die...

.. . ###
###.#..##.
###.........
#.#..#....
.......#§# ##
#....##..
#.###@..#...
###.......#
#..R##2..#
#.##4..#.....
###.4..###...
#....... #.
§..#...##..
#####§.##...#.##
## . ..#R......#


You could see a rakshasa and a hellion.

Vanquished Creatures
  Pikel (D:5)
  Sigmund (D:2)
  Menkaure (D:6)
  Edmund (D:4)
  Duvessa (D:6)
  2 orc warriors
  2 slaves (D:5)
  A phantom (D:5)
  2 centaurs (D:6)
  An ogre (D:6)
  A bullfrog (D:6)
  Dowan (D:6)
  A scorpion (D:6)
  4 wights (D:6)
  A howler monkey (D:4)
  2 crimson imps
  2 orc priests
  A bullfrog skeleton (D:4)
  A jelly (D:6)
  Jessica (D:2)
  Ijyb (D:4)
  Natasha (thrice) (D:2)
  4 orc wizards
  A worker ant (D:4)
  A worker ant zombie (D:6)
  3 gnolls (D:2)
  10 adders
  4 shadow imps
  An adder skeleton (D:3)
  4 worms (D:2)
  4 dart slugs
  7 leopard geckos
  16 orcs
  A ball python (D:4)
  6 bats
  3 giant cockroaches
  5 hobgoblins
  5 jackals (D:1)
  3 quokkas
  7 frilled lizards
  5 goblins
  3 kobolds
  6 rats
131 creatures vanquished.

Notes
Turn   | Place    | Note
-------+----------+-------------------------------------------
     0 | D:1      | dondy the Troll Fighter began the quest for the Orb.
     0 | D:1      | Reached XP level 1. HP: 22/22 MP: 0/0
    68 | D:1      | Reached XP level 2. HP: 26/29 MP: 1/1
    76 | D:1      | Reached skill level 3 in Unarmed Combat
   384 | D:1      | Reached XP level 3. HP: 36/36 MP: 2/2
   628 | D:2      | Found a shadowy altar of Dithmenos.
   638 | D:2      | Reached skill level 4 in Unarmed Combat
   687 | D:2      | Became a worshipper of Dithmenos the Shadowed
   708 | D:2      | Noticed Natasha
   715 | D:2      | Killed Natasha
   715 | D:2      | Reached XP level 4. HP: 44/44 MP: 3/3
   790 | D:2      | Noticed Natasha
   793 | D:2      | Killed Natasha
   793 | D:2      | Reached skill level 5 in Unarmed Combat
   800 | D:2      | Noticed Natasha
   809 | D:2      | Killed Natasha
   809 | D:2      | Reached XP level 5. HP: 49/50 MP: 4/4
   843 | D:2      | Noticed Jessica
   856 | D:2      | Killed Jessica
  1214 | D:2      | Reached * piety under Dithmenos
  1219 | D:2      | Noticed Sigmund
  1230 | D:2      | Killed Sigmund
  1230 | D:2      | Reached skill level 6 in Unarmed Combat
  1230 | D:2      | Reached XP level 6. HP: 54/59 MP: 5/5
  1687 | D:3      | Reached skill level 7 in Unarmed Combat
  2218 | D:4      | Reached ** piety under Dithmenos
  2220 | D:4      | Reached XP level 7. HP: 66/66 MP: 6/6
  2231 | D:4      | Noticed Edmund
  2240 | D:4      | Killed Edmund
  2258 | D:4      | Noticed Ijyb
  2266 | D:4      | Killed Ijyb
  2477 | D:4      | Reached skill level 8 in Unarmed Combat
  2524 | D:5      | Entered Level 5 of the Dungeon
  2621 | D:5      | Found a sacrificial altar of Ru.
  2721 | D:5      | Noticed Pikel
  2768 | D:5      | Killed Pikel
  2768 | D:5      | Reached skill level 9 in Unarmed Combat
  2768 | D:5      | Reached XP level 8. HP: 58/74 MP: 7/7
  2819 | D:5      | Found a bloodstained altar of Trog.
  3042 | D:5      | Found a hide-covered altar of Uskayaw.
  3042 | D:5      | Found a burning altar of Makhleb.
  3063 | D:5      | Found an opulent altar of Gozag.
  3064 | D:5      | Found a glowing silver altar of Zin.
  3228 | D:6      | Found a staircase to the Ecumenical Temple.
  3242 | D:6      | Noticed Dowan
  3242 | D:6      | Noticed Duvessa
  3250 | D:6      | Killed Duvessa
  3250 | D:6      | Reached skill level 10 in Unarmed Combat
  3256 | D:6      | Killed Dowan
  3275 | D:6      | Noticed Menkaure
  3279 | D:6      | Killed Menkaure
  3329 | D:6      | Reached XP level 9. HP: 80/80 MP: 8/8
  3693 | D:6      | Found a deep blue altar of Sif Muna.
  3745 | D:6      | Reached skill level 11 in Unarmed Combat
  3747 | D:6      | Reached skill level 5 in Shields
  3755 | D:6      | Found a shimmering altar of Xom.
  3949 | D:6      | Cast into level 1 of the Abyss (orc)
  3952 | Abyss:1  | Noticed a rakshasa
  3952 | Abyss:1  | Noticed a red devil
  4013 | Abyss:1  | Noticed a hellion
  4024 | Abyss:1  | Killed from afar by a hellion

Vault maps used:
D:1:      wander_arrival_chamber
D:2:      minmay_wonky_spiral, nicolae_dithmenos_shadow_blocks, uniq_sigmund,
          uniq_jessica, uniq_natasha
D:3:      hex_large
D:4:      first_ration, uniq_edmund, uniq_ijyb
D:5:      grunt_temple_overflow_gold_and_silver, old_standard_altar,
          amethyst_overflow_temple_binary, lemuel_round_altar,
          serial_column_ruins, column_ruins_hut_ruined, column_ruins_grid_2,
          column_ruins_grid_3, column_ruins_grid_1, column_ruins_open_small,
          column_ruins_columns_corner, column_ruins_open_large,
          serial_park_tiny_2, uniq_pikel
D:6:      overflow_temple_1_default, nicolae_overflow_hidden_temple,
          minmay_temple_entry_hall, basic_altar, minmay_door_square,
          uniq_menkaure, uniq_duvessa

Skill      XL: |  1  2  3  4  5  6  7  8  9 |
---------------+----------------------------+-----
Unarmed Combat | 3 4 5 6 7 9 10 11 | 11.3
Shields        | 3 4 5 |  5.1
Fighting       | |  2.4
Dodging        | |  2.4

Action                   |  1- 3 |  4- 6 |  7- 9 || total
-------------------------+-------+-------+-------++-------
Melee: Unarmed           |    85 |   150 |   205 ||   440
  Use: Scroll            |       |       |     3 ||     3
 Stab: Distracted        |       |       |     1 ||     1
       Sleeping          |       |       |     1 ||     1
  Eat: Chunk             |    12 |    14 |    16 ||    42
Armor: Robe              |    32 |    41 |    34 ||   107
Dodge: Dodged            |    29 |    36 |    51 ||   116
Block: Shield            |    30 |    63 |    64 ||   157

Table legend:
 A = Non-vault XP
 B = Vault XP
 C = Vault XP percentage of total XP
 D = Non-vault monster count
 E = Vault monster count
 F = Vault count percentage of total count
                 A         B        C        D         E       F
            +---------+---------+-------+---------+---------+-------
      Total |    2117 |    1444 |  40.6 |     119 |      10 |   7.8
            +---------+---------+-------+---------+---------+-------
        D:1 |      46 |       0 |   0.0 |      23 |       0 |   0.0
        D:2 |     221 |     297 |  57.3 |      25 |       4 |  13.8
        D:3 |      65 |       0 |   0.0 |      20 |       0 |   0.0
        D:4 |     264 |     193 |  42.2 |      15 |       2 |  11.8
        D:5 |     372 |     571 |  60.6 |      10 |       1 |   9.1
        D:6 |    1149 |     383 |  25.0 |      26 |       3 |  10.3
            +---------+---------+-------+---------+---------+-------
